 Dungeon Crawl Stone Soup version 0.31-a0-845-g9abc20d24f (webtiles) character file.

Game seed: 18136503553849751470

854 IcyTea the Shield-Bearer (level 8, -4/67 HPs)
             Began as a Gnoll Fighter on Oct 1, 2023.
             Was a Believer of Uskayaw.
             Slain by Grinder (10 damage)
             ... on level 6 of the Dungeon.
             The game lasted 00:11:19 (4872 turns).

IcyTea the Shield-Bearer (Gnoll Fighter)            Turns: 4872, Time: 00:11:20

Health: -4/67      AC: 15    Str: 17    XL:     8   Next: 1%
Magic:  12/12      EV:  8    Int:  7    God:    Uskayaw [**....]
Gold:   297        SH:  0    Dex: 13    Spells: 12/12 levels left

rFire   . . .        p - +3 quarterstaff (chaos)
rCold   . . .        (shield currently unavailable)
rNeg    . . .        n - +0 chain mail
rPois   .            C - +0 helmet
rElec   .            d - +1 cloak
rCorr   .            (no gloves)
SInv    .            o - +0 pair of boots
Will    .....        (no amulet) Stlth
                     (no ring)
HPRegen 0.31/turn    (no ring)
MPRegen 0.13/turn

%: no passive effects
@: no status effects
A: fangs 1, strong nose, distributed training
a: Renounce Religion, Stomp, Line Pass


You were on level 6 of the Dungeon.
You worshipped Uskayaw.
Uskayaw was noncommittal.
You visited 1 branch of the dungeon, and saw 6 of its levels.

You collected 297 gold pieces.

Inventory:

Hand Weapons
 p - a +3 quarterstaff of chaos (weapon)
 y - a +1 falchion of holy wrath
Missiles
 g - 13 poisoned darts (quivered)
Armour
 c - a +0 buckler
 d - a +1 cloak (worn)
 n - a +0 chain mail (worn)
 o - a +0 pair of boots (worn)
 C - a +0 helmet (worn)
Jewellery
 k - a ring of fire
Wands
 r - a wand of mindburst (21)
Scrolls
 b - a scroll of fear
 f - 2 scrolls of poison
 h - a scroll of fog
 l - a scroll of revelation {unknown}
 m - a scroll of enchant weapon {unknown}
 t - a scroll of enchant armour {unknown}
 u - 2 scrolls of teleportation
 z - a scroll of identify
 B - a scroll of torment {unknown}
 D - a scroll of amnesia {unknown}
Potions
 a - a potion of lignification {unknown}
 e - a potion of brilliance {unknown}
 i - a potion of enlightenment {unknown}
 j - a potion of attraction
 q - a potion of heal wounds
 s - a potion of ambrosia {unknown}
 v - 3 potions of curing
 w - 2 potions of resistance
 x - a potion of haste {unknown}
 A - a potion of might


   Skills:
 + Level 7.2 Fighting
 + Level 2.9 Short Blades
 + Level 2.9 Long Blades
 + Level 2.9 Axes
 + Level 5.4 Maces & Flails
 + Level 2.9 Polearms
 + Level 2.9 Staves
 + Level 2.9 Ranged Weapons
 + Level 2.9 Throwing
 + Level 7.2 Armour
 + Level 2.9 Dodging
 + Level 2.9 Stealth
 + Level 7.2 Shields
 + Level 2.9 Unarmed Combat
 + Level 2.9 Spellcasting
 + Level 2.3 Conjurations
 + Level 2.3 Hexes
 + Level 2.3 Summonings
 + Level 2.3 Necromancy
 + Level 2.3 Translocations
 + Level 2.3 Transmutations
 + Level 2.3 Fire Magic
 + Level 2.3 Ice Magic
 + Level 2.3 Air Magic
 + Level 2.3 Earth Magic
 + Level 2.3 Poison Magic
 + Level 3.2 Invocations
 + Level 2.9 Evocations
 + Level 2.6 Shapeshifting


You had 12 spell levels left.
You didn't know any spells.
Your spell library contained the following spells:

 Spells                   Type           Power      Damage    Failure   Level
 Magic Dart               Conj           16%        1d3       73%         1
 Summon Small Mammal      Summ           16%        N/A       73%         1
 Call Imp                 Summ           8%         N/A       86%         2
 Call Canine Familiar     Summ           4%         N/A       97%         3
 Mephitic Cloud           Conj/Pois/Air  4%         N/A       97%         3
 Summon Guardian Golem    Hex/Summ       4%         N/A       97%         3


Dungeon Overview and Level Annotations

Branches:
Dungeon (6/15)
 Temple: D:4-7

Altars:
Cheibriados
Ru
Trog
Uskayaw
Xom

Shops:
D:3 !

Annotations:
D:6 Grinder


Innate Abilities, Weirdness & Mutations

You have very sharp teeth.
Your uncanny sense of smell can sniff out nearby items.
Your experience applies equally to all skills.


Message History

Grinder is moderately wounded.
Grinder hits you.
You writhe in agony.
You hit Grinder but do no damage.
Grinder suddenly seems more resistant.
Grinder is moderately wounded.
Grinder hits you.
* * * LOW HITPOINT WARNING * * *
Something hits you but does no damage. Grinder hits you but does no damage.
You hit Grinder.
Grinder is heavily wounded.
An orc wizard appears from thin air!
Reactivating autopickup.
Grinder hits you but does no damage.
The orc wizard gestures at you while chanting.
You resist with some effort. Grinder hits you but does no damage.
The orc wizard closely misses you.
You thump Grinder!
Grinder is heavily wounded.
Grinder barely misses you.
The orc wizard hits you but does no damage.
Grinder hits you but does no damage.
You can now pass through a line of other dancers.
You hit Grinder.
Grinder is heavily wounded.
Grinder hits you.
* * * LOW HITPOINT WARNING * * *
You writhe in agony.
* * * LOW HITPOINT WARNING * * *
You hit Grinder.
Grinder is severely wounded.
Grinder barely misses you.
The orc wizard hits you but does no damage.
Something hits you but does no damage.
Deactivating autopickup; reactivate with Ctrl-A.
Grinder hits you!
* * * LOW HITPOINT WARNING * * *
You barely miss Grinder.
Grinder is severely wounded.
Grinder hits you!
You die...
Grinder says, "Now the real fun starts!"

.....##.#.#####
.......<....#.##
...............#
............#..#
............#..##
.....#..........#
....###...#.....#
.##. ##..###..###
#..#..####@o.##
.....#...#5{..#
.....#:.......#
#....).......##
#....))).)....#
.......#..........#
.......##.##....>##
......# #.#.!....#
.###.. #.......##


You could see Grinder (berserk, strong, resistant) and an orc wizard.

Vanquished Creatures
  Prince Ribbit (D:5)
  Blork the orc (D:4)
  A scorpion (D:5)
  A hound (D:5)
  Crazy Yiuf (D:3)
  5 orc priests
  3 iguanas (D:5)
  A sleepcap (D:4)
  An orc wizard (D:5)
  Robin (D:4)
  5 adders
  A shadow imp (D:6)
  2 worms
  5 dart slugs
  24 orcs
  4 bats (D:1)
  6 endoplasms
  6 giant cockroaches
  13 goblins
  14 hobgoblins
  8 kobolds
  5 quokkas
  7 ball pythons
  A frilled lizard (D:2)
  6 rats
123 creatures vanquished.

Notes
Turn   | Place    | Note
-------+----------+-------------------------------------------
     0 | D:1      | IcyTea the Gnoll Fighter began the quest for the Orb.
     0 | D:1      | Reached XP level 1. HP: 23/23 MP: 1/1
   123 | D:1      | Reached XP level 2. HP: 29/29 MP: 2/2
   387 | D:1      | Reached XP level 3. HP: 33/35 MP: 3/3
   926 | D:2      | Reached skill level 1 in Invocations
  1781 | D:2      | Reached skill level 1 in Short Blades
  1781 | D:2      | Reached skill level 1 in Long Blades
  1781 | D:2      | Reached skill level 1 in Axes
  1781 | D:2      | Reached skill level 1 in Polearms
  1781 | D:2      | Reached skill level 1 in Staves
  1781 | D:2      | Reached skill level 1 in Ranged Weapons
  1781 | D:2      | Reached skill level 1 in Throwing
  1781 | D:2      | Reached skill level 1 in Dodging
  1781 | D:2      | Reached skill level 1 in Stealth
  1781 | D:2      | Reached skill level 1 in Unarmed Combat
  1781 | D:2      | Reached skill level 1 in Spellcasting
  1781 | D:2      | Reached skill level 1 in Evocations
  1900 | D:3      | Reached XP level 4. HP: 37/41 MP: 5/5
  1900 | D:3      | Found a faded altar of an unknown god.
  1932 | D:3      | Reached skill level 1 in Shapeshifting
  2071 | D:3      | Found Niwkamn's Distillery.
  2111 | D:3      | Reached skill level 1 in Conjurations
  2111 | D:3      | Reached skill level 1 in Hexes
  2111 | D:3      | Reached skill level 1 in Summonings
  2111 | D:3      | Reached skill level 1 in Necromancy
  2111 | D:3      | Reached skill level 1 in Translocations
  2111 | D:3      | Reached skill level 1 in Transmutations
  2111 | D:3      | Reached skill level 1 in Fire Magic
  2111 | D:3      | Reached skill level 1 in Ice Magic
  2111 | D:3      | Reached skill level 1 in Air Magic
  2111 | D:3      | Reached skill level 1 in Earth Magic
  2111 | D:3      | Reached skill level 1 in Poison Magic
  2489 | D:3      | Found a runed translucent door.
  2490 | D:3      | Noticed Crazy Yiuf
  2537 | D:3      | Killed Crazy Yiuf
  2538 | D:3      | Reached XP level 5. HP: 8/47 MP: 3/7
  2782 | D:4      | Identified the +2 robe of Generosity {*Slow Will+ Dex+4
                  | SInv}
  2883 | D:4      | Found a bloodstained altar of Trog.
  2898 | D:4      | HP: 2/47 [orc priest/divine providence (14)]
  3113 | D:4      | Found a snail-covered altar of Cheibriados.
  3114 | D:4      | Noticed Blork the orc
  3119 | D:4      | Killed Blork the orc
  3120 | D:4      | Reached XP level 6. HP: 53/53 MP: 8/8
  3126 | D:4      | Reached skill level 5 in Maces & Flails
  3195 | D:4      | Found a sacrificial altar of Ru.
  3480 | D:4      | Noticed Robin
  3516 | D:4      | Killed Robin
  3738 | D:5      | Entered Level 5 of the Dungeon
  3753 | D:5      | Noticed Prince Ribbit
  3767 | D:5      | Killed Prince Ribbit
  3768 | D:5      | Reached XP level 7. HP: 24/60 MP: 10/10
  3970 | D:5      | Found a hide-covered altar of Uskayaw.
  3987 | D:5      | Became a worshipper of Uskayaw the Reveller
  4056 | D:5      | Reached * piety under Uskayaw
  4061 | D:5      | Reached ** piety under Uskayaw
  4063 | D:5      | Reached *** piety under Uskayaw
  4364 | D:5      | Found a shimmering altar of Xom.
  4815 | D:6      | Reached XP level 8. HP: 67/67 MP: 12/12
  4838 | D:6      | Noticed Grinder
  4872 | D:6      | Slain by Grinder

Illustrated notes

Levels and vault maps discovered:
D:1:      elethiomel_arrival_maze, layout_loops_ring
D:2:      layout_basic, chequers_decorated_corner
D:3:      layout_rooms, hellmonk_ecumenical_altar_pennies_from_heaven,
          serial_shops, nicolae_shop_crystal, uniq_crazy_yiuf_cottage
D:4:      layout_cave_pods, mainiacjoe_overflow_small_starburst,
          kennysheep_mini_moat, nicolae_ru_awakened_eye,
          hangedman_decor_opposing, uniq_robin, uniq_blork_the_orc
D:5:      layout_loops_ring, mainiacjoe_overflow_paths, old_standard_altar,
          uniq_prince_ribbit1
D:6:      layout_cave_pools, cheibrodos_ashenzari_chains,
          guppyfry_early_elven_hall, uniq_grinder

Skill      XL: |  1  2  3  4  5  6  7 |
---------------+----------------------+-----
Invocations    | 1 2 3 |  3.2
Short Blades   | 1 2 |  2.9
Long Blades    | 1 2 |  2.9
Axes           | 1 2 |  2.9
Polearms       | 1 2 |  2.9
Staves         | 1 2 |  2.9
Ranged Weapons | 1 2 |  2.9
Throwing       | 1 2 |  2.9
Dodging        | 1 2 |  2.9
Stealth        | 1 2 |  2.9
Unarmed Combat | 1 2 |  2.9
Spellcasting   | 1 2 |  2.9
Evocations     | 1 2 |  2.9
Shapeshifting  | 1 2 |  2.6
Conjurations   | 1 2 |  2.3
Hexes          | 1 2 |  2.3
Summonings     | 1 2 |  2.3
Necromancy     | 1 2 |  2.3
Translocations | 1 2 |  2.3
Transmutations | 1 2 |  2.3
Fire Magic     | 1 2 |  2.3
Ice Magic      | 1 2 |  2.3
Air Magic      | 1 2 |  2.3
Earth Magic    | 1 2 |  2.3
Poison Magic   | 1 2 |  2.3
Maces & Flails | 5 |  5.4
Fighting       | 7 |  7.2
Armour         | 7 |  7.2
Shields        | 7 |  7.2

Action                     |  1- 3 |  4- 6 |  7- 9 || total
---------------------------+-------+-------+-------++-------
  Melee: Flail             |   123 |    90 |       ||   213
         Bite              |    11 |    14 |    13 ||    38
         Quarterstaff      |       |    85 |    99 ||   184
    Use: Potion            |       |     4 |     1 ||     5
         Scroll            |       |     4 |     2 ||     6
   Stab: Paralysed         |       |     1 |     2 ||     3
 Armour: Scale mail        |    85 |       |       ||    85
         Chain mail        |     8 |   141 |   139 ||   288
  Dodge: Dodged            |    59 |    62 |    41 ||   162
  Block: Buckler           |    32 |    29 |       ||    61

Table legend: (Time is in decaauts)
 A = Elapsed time spent in this place.
 B = Non-inter-level travel time spent in this place.
 C = Inter-level travel time spent in this place.
 D = Time resting spent in this place.
 E = Time spent auto-exploring this place.
 F = Levels seen in this place.
 G = Mean time per level.
                   A        B        C        D        E       F      G
               +--------+--------+--------+--------+--------+-----+--------+
         Total |   4950 |   4882 |     68 |    625 |   2803 |   6 |  825.0 |
       Dungeon |   4950 |   4882 |     68 |    625 |   2803 |   6 |  825.0 |
               +--------+--------+--------+--------+--------+-----+--------+

Top non-repeatable levels by time:
     D:2: 1131 daAuts
     D:5: 1084 daAuts
     D:4: 1044 daAuts
     D:3: 840 daAuts
     D:1: 785 daAuts
     D:6: 65 daAuts
